 Dungeon Crawl Stone Soup version 0.24.1-8-ga250c9d538 (webtiles) character file.

Game seed: 8120523544152523356, levelgen mode: deterministic

90077 lepoulpe303 the Champion of Chaos (level 15, 0/138 HPs)
             Began as a Deep Dwarf Fighter on May 4, 2020.
             Was the Champion of Makhleb.
             Slain by Agnes
             ... wielding a +1 lajatang of speed
              (9 damage)
             ... on level 14 of the Dungeon.
             The game lasted 02:04:48 (23931 turns).

lepoulpe303 the Champion of Chaos (DDFi)           Turns: 23931, Time: 02:04:49

Health: 0/138      AC: 18    Str: 25    XL:     15   Next: 51%
Magic:  25/25      EV: 14    Int:  8    God:    Makhleb [******]
Gold:   1915       SH: 19    Dex: 17    Spells: 14/14 levels left

rFire    . . .     SeeInvis .   a - +7 war axe (elec)
rCold    . . .     Gourm    .   R - +0 shield
rNeg     + . .     Faith    .   H - +1 chain mail
rPois    .         Spirit   .   (helmet restricted)
rElec    .         Reflect  +   h - scarf {cloud immunity}
rCorr    +         Harm     .   k - +2 pair of gloves
MR       ++...                  x - +0 pair of boots {run} {Speed+}
Stlth    ..........             Z - +6 amulet of reflection
HPRegen  0.00/turn              O - +3 ring of dexterity
MPRegen  0.19/turn              C - ring of resist corrosion

@: about to teleport, non-regenerating, quick
A: damage resistance, heal wounds, antennae 1, hooves 1, blink, negative energy
resistance 1, sense surroundings 2, sturdy frame 1, no regeneration
a: Heal Wounds, Blink, Minor Destruction, Lesser Servant of Makhleb, Major
Destruction, Greater Servant of Makhleb, Renounce Religion


You were on level 14 of the Dungeon.
You worshipped Makhleb.
Makhleb was exalted by your worship.
You were not hungry.

You visited 4 branches of the dungeon, and saw 23 of its levels.

You collected 2334 gold pieces.
You spent 419 gold pieces at shops.

Inventory:

Hand Weapons
 a - a +7 war axe of electrocution (weapon)
 b - the +1 morningstar "Fipetz" {antimagic, Fragile rPois rF+++ Dex-2}
   (You took it off an ogre mage on level 13 of the Dungeon)

   It reduces the magical energy of the wielder, and disrupts the spells and
   magical abilities of those hit.
   Natural abilities and divine invocations are not affected.
   It affects your dexterity (-2).
   It renders you almost immune to fire.
   It protects you from poison.
   It will be destroyed if unequipped.
 c - a +1 flail of draining
Missiles
 P - 23 boomerangs (quivered)
Armour
 h - a scarf of cloud immunity (worn)
 k - a +2 pair of gloves (worn)
 x - a +0 pair of boots of running (worn) {Speed+}
 G - the +0 pair of boots "Geuciurph" {rN+ rCorr}
   (You found it on level 12 of the Dungeon)

   It protects you from negative energy.
   It provides partial protection from all sources of acid and corrosion.
 H - a +1 chain mail (worn)
 J - a +3 leather armour of fire resistance {rF+}
 R - a +0 shield (worn)
 W - the +4 ring mail of Otzaenoo {+Fly rPois rCorr Str-2}
   (You found it on level 13 of the Dungeon)

   It affects your strength (-2).
   It protects you from poison.
   It lets you fly.
   It provides partial protection from all sources of acid and corrosion.
Jewellery
 j - a +2 ring of dexterity
 o - the ring "Bubuimaps" {rF+ MR+ Str+4, unknown}
   (You found it on level 14 of the Dungeon)

   [ring of protection from fire]

   It affects your strength (+4).
   It protects you from fire.
   It affects your resistance to hostile enchantments.
 C - a ring of resist corrosion (right hand)
 F - an uncursed ring of protection from fire
 I - an uncursed ring of protection from cold
 O - a +3 ring of dexterity (left hand)
 Z - a +6 amulet of reflection (around neck)
Wands
 K - a wand of flame (23)
 N - a wand of polymorph (6)
 T - a wand of scattershot (12)
 V - a wand of enslavement (8)
 X - a wand of disintegration (16)
 Y - a wand of iceblast (11)
Scrolls
 f - 2 scrolls of fog
 g - 2 scrolls of fear
 m - 5 scrolls of magic mapping {!r}
 p - a scroll of holy word {unknown}
 t - 9 scrolls of teleportation
 w - 13 scrolls of remove curse
 y - 3 scrolls of immolation {!r}
 A - 4 scrolls of enchant armour
 B - 4 scrolls of blinking {!r}
 U - 3 scrolls of noise {!r}
Potions
 d - 2 potions of might
 l - 3 potions of heal wounds
 n - a potion of resistance
 q - 7 potions of curing
 r - 5 potions of lignification {!q}
 s - a potion of agility
 u - 2 potions of invisibility
 L - 2 potions of flight
 M - a potion of berserk rage {!q}
 Q - a potion of ambrosia
 S - 3 potions of cancellation
Miscellaneous
 v - a fan of gales
 D - a box of beasts
 E - a lightning rod (4/4)
Comestibles
 e - 36 rations
 i - 14 chunks of flesh


   Skills:
 + Level 10.2 Fighting
 * Level 15.6 Axes
 + Level 12.0 Armour
 * Level 8.4 Dodging
 + Level 11.9 Shields
 + Level 16.2 Invocations
 + Level 6.6 Evocations


You had 14 spell levels left.
You didn't know any spells.
Your spell library contained the following spells:

 Spells                   Type           Power        Failure   Level  Hunger
 Animate Skeleton         Necr           N/A          90%         1    ##.....
 Apportation              Tloc           #.....       90%         1    ##.....
 Confusing Touch          Hex            #.....       90%         1    ##.....
 Corona                   Hex            #......      90%         1    ##.....
 Magic Dart               Conj           #...         90%         1    ##.....
 Sandblast                Erth           #.....       90%         1    ##.....
 Shock                    Conj/Air       #...         90%         1    ##.....
 Summon Butterflies       Summ           #.......     90%         1    ##.....
 Summon Small Mammal      Summ           #...         90%         1    ##.....
 Blink                    Tloc           N/A          97%         2    ###....
 Call Imp                 Summ           #.......     97%         2    ###....
 Ensorcelled Hibernation  Hex/Ice        #.....       97%         2    ###....
 Passwall                 Tmut/Erth      #.......     97%         2    ###....
 Slow                     Hex            #.......     97%         2    ###....
 Swiftness                Chrm/Air       #.......     97%         2    ###....
 Confuse                  Hex            #.......     99%         3    ####...
 Conjure Flame            Conj/Fire      #.......     99%         3    ####...
 Dazzling Spray           Conj/Hex       #.....       99%         3    ####...
 Lesser Beckoning         Tloc           #.........   99%         3    ####...
 Mephitic Cloud           Conj/Pois/Air  #.......     99%         3    ####...
 Static Discharge         Conj/Air       #.......     99%         3    ####...
 Stone Arrow              Conj/Erth      #.....       99%         3    ####...
 Tukima's Dance           Hex            #.......     99%         3    ####...
 Airstrike                Air            #.........   100%        4    #####..
 Petrify                  Tmut/Erth      #.......     100%        4    #####..
 Alistair's Intoxication  Tmut/Pois      #.......     100%        5    ######.
 Irradiate                Conj/Tmut      #.........   100%        5    ######.
 Lee's Rapid Deconstruct  Erth           #.........   100%        5    ######.
 Lightning Bolt           Conj/Air       #.........   100%        5    ######.
 Hydra Form               Tmut           #.........   100%        6    #######
 Invisibility             Hex            #.......     100%        6    #######
 Poison Arrow             Conj/Pois      #.........   100%        6    #######
 Statue Form              Tmut/Erth      #........    100%        6    #######
 Dragon Form              Tmut           #.........   100%        7    #######
 Chain Lightning          Conj/Air       #.........   100%        8    #######
 Lehudib's Crystal Spear  Conj/Erth      #.........   100%        8    #######
 Fire Storm               Conj/Fire      #.........   100%        9    #######
 Glaciate                 Conj/Ice       #.........   100%        9    #######


Dungeon Overview and Level Annotations

Branches:
Dungeon (14/15)            Temple (1/1) D:4            Lair (6/6) D:9
  Swamp (0/4) Lair:4        Snake (0/4) Lair:3        Slime (0/5) Lair:6
    Orc (2/2) D:9             Elf (0/3) Orc:2        Vaults (0/5) D:14

Altars:
Ashenzari
Cheibriados
Dithmenos
Elyvilon
Fedhas
Gozag
Hepliaklqana
Kikubaaqudgha
Makhleb
Nemelex Xobeh
Okawaru
Qazlal
Ru
Sif Muna
Trog
Uskayaw
Vehumet
Wu Jian
Xom
Yredelemnul
Zin
The Shining One
Jiyva

Shops:
Orc:2 :[!%

Portals:
Pandemonium: Orc:2

Annotations:
D:6 2 runed translucent doors, vs12's ghost, novice HOFi
D:14 Agnes
Lair:6 1 runed translucent door ; plein dor ; ice dragon


Innate Abilities, Weirdness & Mutations

You are resistant to damage.
You can heal yourself by infusing magical energy.
You resist negative energy. (rN+)
You passively map the area around you.
You do not regenerate.
You have a pair of small antennae on your head.
You have large cloven feet.
You can translocate small distances at will.
Your movements are slightly less encumbered by armour. (ER -2)


Message History

Agnes says, "It is my duty to kill you, but also my pleasure."
Agnes hits you with a +1 lajatang of speed!!
* * * LOW HITPOINT WARNING * * *
You block Agnes's attack.
You take 24 damage, and have 7/138 hp.
Okay, then.
Okay, then.
You feel much better. You block Agnes's attack.
Your orange demon stings Agnes from afar!
Agnes closely misses you.
You regained 18 hp, and now have 25/138 hp.
Agnes hits you with a +1 lajatang of speed!
* * * LOW HITPOINT WARNING * * *
You see here a hornet corpse.
You take 16 damage, and have 9/138 hp.
As you read the scroll of teleportation, it crumbles to dust.
You feel strangely unstable. You block Agnes's attack.
Agnes hits you with a +1 lajatang of speed!
You die...

,* * * ########### ###
* *, ,, ........#.###.#
* * * #######..#.#ยง#.#
* #..#i#.#.#, ,* ,
#.###.###. ** * *
##.i#### ## ###*
####.4@###########.#
#....#...........#.####
#.##..)#########.......
#.###.../..............
#.# #.##########.######
##.###.# #.# #
##########...##.# #.# #
#...............# #.# #
#.########...#### #.# #


You could see Agnes and a friendly orange demon.

Levels and vault maps discovered:
D:1:      sevenhm_arrival_forest_fort_small_4, layout_basic,
          serial_bayou_pond_a, grunt_decor_clamped, feat_on_display
D:2:      layout_rooms, kennysheep_nondescript, uniq_natasha, uniq_jessica
D:3:      layout_basic, uniq_terence
D:4:      layout_cave_pools, minmay_temple_entry_fiery,
          nemelex_lonely_heart_becter, uniq_blork_the_orc
D:5:      layout_loops_corners, first_ration, uniq_eustachio
D:6:      kennysheep_windowed_halls, layout_loops_ring,
          nemelex_xobeh_ov_fountains_minmay, grunt_gozag_statues,
          ebering_ghost_sewer_f
D:7:      layout_loops_corners, grunt_dithmenos_smoke
D:8:      layout_layer_cave, overflow_temple_1_default, uniq_prince_ribbit1
D:9:      layout_long_grid, grunt_temple_overflow_open, minmay_lair_entry_grove,
          david_orc_4, serial_co_window_serial, co_window_of_opportunity_a,
          co_window_paths_a, co_window_paths_a, co_window_paths_a,
          co_window_paths_a, co_window_paths_b, co_window_paths_b,
          co_window_corner_a, co_window_paths_a, co_window_corner_ca,
          co_window_of_opportunity_b, co_window_2corner, glass_columns_a,
          glass_columns_c, the_bakery, st_stairs_13, tgw_trog
D:10:     minmay_curly_fans, layout_basic
D:11:     layout_irregular_city, basic_altar
D:12:     layout_loops_ring, ashenzari_altar_1
D:13:     minmay_the_grid_triangle_9x9_recursive_2_mashed
          [minmay_the_grid_triangle_9x9_prize_schism,
          minmay_the_grid_triangle_9x9_alien,
          minmay_the_grid_triangle_9x9_cache,
          minmay_the_grid_triangle_9x9_pentomino_pain], layout_small_grid,
          grunt_decor_one_mirror, nicolae_qazlal_style_of_elements
D:14:     layout_loops_ring, david_vaults_1, grunt_decor_resistance,
          uniq_jorgrun, uniq_agnes
Temple:   lightli_temple_of_artemis
Lair:1:   minmay_lair_venomous_thicket, layout_layer_cave, lemuel_fruit_tree,
          grunt_megastairs_5
Lair:2:   layout_small_grid, infiniplex_staircase_pool_2, serial_bayou_shore_b
Lair:3:   layout_cave_pods, minmay_snake_entry_spellcaster, beast_lair_carwin_5,
          grunt_megastairs_1
Lair:4:   beast_lair_carwin_large_1, layout_regular_city,
          nicolae_swamp_entry_splash_gauntlet, lemuel_fruit_fields
Lair:5:   pond_and_an_island_with_a_cottage, layout_cave_pods,
          lemuel_fruit_fields
Lair:6:   wormcave, layout_loops_ring, guppyfry_lair_end_dragon, slime_altar_1,
          infiniplex_staircase_pool, grunt_megastairs_3
Orc:1:    layout_caves, gammafunk_ghost_split, lemuel_statue_altar
Orc:2:    pf_orc_diabolical, layout_diamond_mine, mines2_lemuel, uniq_josephine

Notes
Turn   | Place    | Note
-------+----------+-------------------------------------------
     0 | D:1      | lepoulpe303 the Deep Dwarf Fighter began the quest for the
                  | Orb.
     0 | D:1      | Reached XP level 1. HP: 20/20 MP: 1/1
     9 | D:1      | Identified a +0 dagger
    30 | D:1      | Identified a +0 club
    49 | D:1      | Identified a +0 club
    64 | D:1      | Identified a +0 dagger
   177 | D:1      | Reached XP level 2. HP: 27/27 MP: 2/2
   213 | D:1      | Identified a cursed -1 club
   231 | D:1      | Identified a cursed +0 pair of gloves (You found it on
                  | level 1 of the Dungeon)
   298 | D:1      | Identified a +0 club
   712 | D:2      | Identified 2 scrolls of remove curse
   713 | D:2      | Identified a ring of magical power (You found it on level 2
                  | of the Dungeon)
   714 | D:2      | Identified a ring of dexterity (You found it on level 1 of
                  | the Dungeon)
   723 | D:2      | Identified a +0 robe
   723 | D:2      | Noticed Jessica
   723 | D:2      | Noticed Natasha
   734 | D:2      | Noticed a crimson imp
   743 | D:2      | Killed Natasha
   743 | D:2      | Reached skill level 3 in Fighting
   743 | D:2      | Reached skill level 3 in Axes
   743 | D:2      | Reached XP level 3. HP: 25/34 MP: 3/3
   751 | D:2      | Killed Jessica
   751 | D:2      | Reached XP level 4. HP: 31/42 MP: 4/4
   762 | D:2      | Noticed Natasha
   776 | D:2      | Killed Natasha
   790 | D:2      | Noticed Natasha
   809 | D:2      | Killed Natasha
   809 | D:2      | Reached skill level 4 in Armour
   809 | D:2      | Reached skill level 4 in Shields
  1030 | D:2      | Reached skill level 4 in Axes
  1030 | D:2      | Reached XP level 5. HP: 37/49 MP: 4/4
  1365 | D:3      | Identified a +0 club
  1420 | D:3      | Identified an uncursed ring of stealth
  1475 | D:3      | Identified a +0 hand axe
  1475 | D:3      | Identified a +0 ring mail
  1476 | D:3      | Identified a +0 mace
  1491 | D:3      | Identified a +0 flail
  1784 | D:3      | Identified a +0 flail
  1784 | D:3      | Identified a +0 scale mail
  1784 | D:3      | Noticed Terence
  2047 | D:3      | Identified a +0 club
  2080 | D:3      | Identified a +0 club
  2080 | D:3      | Identified a +0 hunting sling
  2223 | D:3      | Identified a +0 dagger
  2405 | D:3      | Killed Terence
  2405 | D:3      | Reached XP level 6. HP: 41/57 MP: 5/5
  2494 | D:4      | Found a sparkling altar of Nemelex Xobeh.
  2726 | D:4      | Identified a +4 war axe of electrocution
  2726 | D:4      | Identified a +0 robe
  2726 | D:4      | Noticed Blork the orc
  2735 | D:4      | HP: 9/57 [Blork the orc/+4 war axe of electrocution (18)]
  2745 | D:4      | Killed Blork the orc
  2745 | D:4      | Reached skill level 5 in Axes
  2953 | D:4      | Found a staircase to the Ecumenical Temple.
  2959 | Temple   | Entered the Ecumenical Temple
  2976 | Temple   | Became a worshipper of Makhleb the Destroyer
  2995 | D:4      | Identified 6 scrolls of identify
  2995 | D:4      | Identified an amulet of harm (You found it on level 4 of
                  | the Dungeon)
  2996 | D:4      | Identified an amulet of guardian spirit (You found it on
                  | level 1 of the Dungeon)
  3145 | D:5      | Entered Level 5 of the Dungeon
  3162 | D:5      | Identified a +0 spear
  3162 | D:5      | Identified a +0 flail
  3163 | D:5      | Identified a +0 whip
  3173 | D:5      | Reached skill level 4 in Fighting
  3520 | D:5      | Reached skill level 1 in Invocations
  3520 | D:5      | Reached XP level 7. HP: 18/64 MP: 6/6
  3577 | D:5      | Identified a +0 whip
  3762 | D:5      | Reached skill level 5 in Shields
  3762 | D:5      | Reached skill level 2 in Invocations
  3868 | D:5      | Identified a +0 falchion
  3868 | D:5      | Identified a +3 leather armour of fire resistance
  3868 | D:5      | Noticed Eustachio
  3911 | D:5      | Killed Eustachio
  3911 | D:5      | Reached skill level 5 in Armour
  4229 | D:6      | Reached skill level 6 in Axes
  4229 | D:6      | Reached skill level 3 in Invocations
  4234 | D:6      | Identified a +0 chain mail
  4302 | D:6      | Found a runed translucent door.
  4303 | D:6      | Noticed vs12's ghost (novice HOFi)
  4319 | D:6      | Found a sparkling altar of Nemelex Xobeh.
  4323 | D:6      | Found an opulent altar of Gozag.
  4386 | D:6      | Found a runed translucent door.
  4420 | D:6      | Identified a +0 shortbow
  4444 | D:6      | Reached XP level 8. HP: 24/73 MP: 9/9
  4469 | D:6      | Identified a ring of resist corrosion (You found it on
                  | level 6 of the Dungeon)
  4470 | D:6      | Identified 3 potions of mutation
  4471 | D:6      | Identified 2 potions of flight
  4472 | D:6      | Identified 2 potions of magic
  4473 | D:6      | Identified 2 potions of lignification
  4474 | D:6      | Identified a potion of experience
  4475 | D:6      | Identified a potion of brilliance
  4476 | D:6      | Reached skill level 6 in Fighting
  4476 | D:6      | Reached skill level 9 in Axes
  4476 | D:6      | Reached skill level 7 in Armour
  4476 | D:6      | Reached skill level 7 in Shields
  4476 | D:6      | Reached skill level 9 in Invocations
  4476 | D:6      | Gained mutation: You passively map the area around you.
                  | [Deep Dwarf growth]
  4476 | D:6      | Reached XP level 9. HP: 50/82 MP: 9/15
  4556 | D:6      | Paralysed by a hornet for 2 turns
  4556 | D:6      | HP: 17/82 [hornet (10)]
  4559 | D:6      | HP: 6/82 [wraith (8)]
  4565 | D:6      | Reached * piety under Makhleb
  4604 | D:6      | Gained mutation: You have large cloven feet. [potion of
                  | mutation]
  4604 | D:6      | Gained mutation: You can translocate small distances at
                  | will. [potion of mutation]
  4604 | D:6      | Gained mutation: Your movements are slightly less
                  | encumbered by armour. (ER -2) [potion of mutation]
  4604 | D:6      | Gained mutation: You have a pair of small antennae on your
                  | head. [potion of mutation]
  4645 | D:6      | Identified a +0 flail
  4653 | D:6      | Identified a +2 scimitar of freezing
  4653 | D:6      | Identified a +0 robe
  4696 | D:6      | Identified a +0 dagger
  4696 | D:6      | Identified a +0 robe
  4701 | D:6      | Reached skill level 10 in Axes
  4941 | D:6      | Identified a +0 flail
  4941 | D:6      | Identified a +0 leather armour
  4983 | D:6      | Identified a +0 spear
  4983 | D:6      | Identified a +0 spear
  4994 | D:6      | Identified a cursed -1 whip
  5021 | D:6      | Identified a +0 flail
  5021 | D:6      | Identified a +0 ring mail
  5045 | D:6      | Identified a +0 shortbow
  5052 | D:6      | Reached skill level 10 in Invocations
  5210 | D:7      | Identified a +0 dagger
  5210 | D:7      | Identified a +0 robe
  5228 | D:7      | Identified a +0 leather armour
  5281 | D:7      | Identified a +0 dagger
  5281 | D:7      | Identified a +0 robe
  5281 | D:7      | Identified a +0 whip
  5281 | D:7      | Identified a +0 dagger
  5283 | D:7      | Identified a +0 short sword of electrocution
  5283 | D:7      | Identified a +0 dagger
  5283 | D:7      | Identified a +0 hunting sling
  5287 | D:7      | Identified a +0 flail
  5288 | D:7      | Identified a +0 dagger
  5471 | D:7      | Found a shadowy altar of Dithmenos.
  5971 | D:7      | Identified a +0 whip
  5988 | D:7      | Reached ** piety under Makhleb
  6121 | D:6      | Identified 3 scrolls of teleportation
  6122 | D:6      | Identified 3 scrolls of enchant armour
  6123 | D:6      | Identified 2 scrolls of fear
  6124 | D:6      | Identified 2 scrolls of fog
  6125 | D:6      | Identified 2 scrolls of blinking
  6287 | D:8      | Identified a +2 pair of gloves (You found it on level 8 of
                  | the Dungeon)
  6327 | D:8      | Found a white marble altar of Elyvilon.
  6370 | D:8      | Noticed Prince Ribbit
  6385 | D:8      | Identified a +0 dagger
  6400 | D:8      | Killed Prince Ribbit
  6489 | D:8      | Paralysed by a hornet for 3 turns
  6490 | D:8      | HP: 15/85 [hornet (15)]
  6495 | D:8      | Reached XP level 10. HP: 27/92 MP: 0/15
  6500 | D:8      | Reached skill level 8 in Armour
  6701 | D:8      | Identified a +0 shortbow
  6701 | D:8      | Identified a +0 war axe
  6701 | D:8      | Identified a +0 short sword
  6723 | D:8      | HP: 19/92 [centaur/arrow (5)]
  6752 | D:8      | Reached skill level 8 in Shields
  7061 | D:8      | Identified a +0 dagger
  7061 | D:8      | Identified a +0 leather armour
  7062 | D:8      | Identified a +0 leather armour
  7430 | D:8      | Identified a +2 whip of pain
  7430 | D:8      | Identified a +0 ring mail
  7648 | D:9      | Reached *** piety under Makhleb
  7669 | D:9      | Reached skill level 11 in Invocations
  7717 | D:9      | Found a staircase to the Lair.
  7720 | D:9      | Reached skill level 7 in Fighting
  7720 | D:9      | Reached skill level 11 in Axes
  7769 | D:9      | Found an ornate altar of the Wu Jian Council.
  7773 | D:9      | Found a shattered altar of Ashenzari.
  7775 | D:9      | Identified a +0 shortbow
  7800 | D:9      | Identified a +0 dagger
  7800 | D:9      | Identified a +0 robe
  7866 | D:9      | Identified a +0 dagger
  7866 | D:9      | Identified a cursed +0 robe
  7866 | D:9      | Identified a +0 trident
  7883 | D:9      | Identified a +0 dagger
  7885 | D:9      | Identified a +0 flail
  7885 | D:9      | Identified a +0 leather armour
  7932 | D:9      | Identified a cursed -3 flail
  7932 | D:9      | Identified a +0 flail
  7932 | D:9      | Identified a +0 plate armour
  7948 | D:9      | Identified a +0 morningstar
  7957 | D:9      | Identified a +0 war axe
  7957 | D:9      | Identified a cursed -2 plate armour
  7969 | D:9      | Identified a +0 dagger
  7969 | D:9      | Identified a +0 robe
  7988 | D:9      | You fall into a shaft and drop 3 floors!
  8026 | D:11     | Identified a +0 whip
  8032 | D:11     | Reached XP level 11. HP: 48/99 MP: 17/17
  8051 | D:11     | Identified a +0 short sword
  8059 | D:11     | Identified a +0 short sword
  8062 | D:11     | Reached **** piety under Makhleb
  8119 | D:11     | Found a hazy altar of Hepliaklqana.
  8145 | D:11     | Identified a cursed +0 giant club
  8146 | D:11     | Noticed a four-headed hydra
  8170 | D:11     | Killed a four-headed hydra
  8218 | D:11     | Reached skill level 12 in Invocations
  8247 | D:11     | Identified a ring of attention (You found it on level 11 of
                  | the Dungeon)
  8287 | D:11     | Identified a +0 giant club
  8287 | D:11     | Identified a +0 whip
  8287 | D:11     | Identified a +0 dagger
  8290 | D:11     | Identified a +0 short sword
  8365 | D:10     | Entered Level 10 of the Dungeon
  8382 | D:10     | Reached skill level 9 in Armour
  8404 | D:9      | Identified 4 scrolls of magic mapping
  8405 | D:9      | Identified 3 scrolls of immolation
  8406 | D:9      | Identified a potion of heal wounds
  8407 | D:9      | Identified a potion of degeneration
  8408 | D:9      | Identified a potion of ambrosia
  8409 | D:9      | Identified a scroll of vulnerability
  8516 | D:9      | Identified a +0 mace
  8516 | D:9      | Identified a cursed +0 chain mail
  8646 | D:9      | Identified a +0 short sword
  8646 | D:9      | Identified a +0 plate armour
  8646 | D:9      | Identified a +0 dagger
  8646 | D:9      | Identified a +0 robe
  8647 | D:9      | Identified a +0 flail
  8655 | D:9      | Reached skill level 9 in Shields
  8675 | D:9      | Found a staircase to the Orcish Mines.
  8741 | D:9      | Identified a +0 club
  8741 | D:9      | Identified a +0 leather armour
  8750 | D:9      | Identified a +0 dagger
  8750 | D:9      | Identified a +0 robe
  8752 | D:9      | Identified a +0 hand axe
  8752 | D:9      | Identified a +0 scale mail
  8894 | D:9      | Found a bloodstained altar of Trog.
  9000 | D:9      | Identified a +0 giant club
  9183 | D:7      | Got a translucent mace
  9184 | D:7      | Identified the +5 mace "Hydrabane" {speed, *Noise Fragile
                  | Str+7 SInv} (You found it on level 7 of the Dungeon)
  9228 | Lair:1   | Entered Level 1 of the Lair of Beasts
  9229 | Lair:1   | Noticed a five-headed hydra
  9270 | Lair:1   | Killed a five-headed hydra
  9270 | Lair:1   | Reached skill level 12 in Axes
  9518 | Lair:1   | Noticed a wolf spider
  9531 | Lair:1   | Killed a wolf spider
  9531 | Lair:1   | HP: 24/102 [poisoned by a wolf spider]
  9683 | Lair:1   | Noticed a four-headed hydra
  9689 | Lair:1   | Killed a four-headed hydra
  9689 | Lair:1   | Reached skill level 13 in Invocations
  9689 | Lair:1   | Reached XP level 12. HP: 49/110 MP: 19/19
  9732 | Lair:1   | Reached ***** piety under Makhleb
  9738 | Lair:1   | Reached skill level 8 in Fighting
 11295 | Lair:2   | Identified an amulet of regeneration (You found it on level
                  | 2 of the Lair of Beasts)
 11297 | Lair:2   | Identified a ring of protection from cold (You found it on
                  | level 9 of the Dungeon)
 11387 | Lair:2   | Identified a +2 scale mail of poison resistance (You found
                  | it on level 2 of the Lair of Beasts)
 11429 | Lair:2   | Reached skill level 13 in Axes
 11779 | Lair:2   | Reached skill level 10 in Armour
 11779 | Lair:2   | Reached skill level 14 in Invocations
 11820 | Lair:3   | Reached skill level 10 in Shields
 12033 | Lair:3   | Found a staircase to the Snake Pit.
 12165 | Lair:3   | Noticed a five-headed hydra
 12175 | Lair:3   | Killed a five-headed hydra
 12848 | Lair:4   | Reached XP level 13. HP: 118/118 MP: 21/21
 13053 | Lair:4   | Noticed a dire elephant
 13087 | Lair:4   | Killed a dire elephant
 13751 | Lair:4   | Found a staircase to the Swamp.
 13771 | Lair:4   | Identified a scroll of amnesia
 13772 | Lair:4   | Identified a scroll of enchant weapon
 13773 | Lair:4   | Identified a scroll of random uselessness
 14023 | Lair:5   | Reached skill level 9 in Fighting
 14023 | Lair:5   | Reached skill level 15 in Invocations
 14195 | Lair:5   | You fall into a shaft and drop 1 floor!
 14195 | Lair:6   | Entered Level 6 of the Lair of Beasts
 14195 | Lair:6   | Found a viscous altar of Jiyva.
 14195 | Lair:6   | Found a staircase to the Slime Pits.
 14211 | Lair:6   | Reached skill level 1 in Dodging
 14303 | Lair:6   | Reached skill level 2 in Dodging
 14316 | Lair:6   | Reached skill level 14 in Axes
 14989 | Lair:5   | Identified a +0 dagger
 14989 | Lair:5   | Identified a +0 robe
 15439 | Lair:5   | Identified a +0 pair of boots (You found it on level 5 of
                  | the Lair of Beasts)
 15578 | Lair:6   | Reached skill level 3 in Dodging
 15578 | Lair:6   | Reached skill level 1 in Evocations
 15963 | Lair:6   | Reached ****** piety under Makhleb
 16111 | Lair:6   | Found a runed translucent door.
 16155 | Lair:6   | Reached skill level 2 in Evocations
 16335 | Lair:6   | Reached skill level 4 in Dodging
 16344 | Lair:6   | Gained mutation: You resist negative energy. (rN+) [Deep
                  | Dwarf growth]
 16344 | Lair:6   | Reached XP level 14. HP: 88/129 MP: 23/23
 16389 | Lair:6   | Identified an amulet of reflection (You found it on level 6
                  | of the Lair of Beasts)
 16391 | Lair:6   | Identified a scroll of noise
 16392 | Lair:6   | Identified 2 potions of cancellation
 16393 | Lair:6   | Identified a potion of invisibility
 16414 | Lair:6   | Reached skill level 11 in Armour
 16414 | Lair:6   | Reached skill level 11 in Shields
 16616 | Lair:6   | Identified +0 steam dragon scales
 16700 | Lair:6   | Identified +0 steam dragon scales
 16713 | Lair:6   | Identified +0 swamp dragon scales
 16713 | Lair:6   | Reached skill level 3 in Evocations
 17308 | D:10     | Identified a +0 giant spiked club
 17392 | D:10     | Identified a +0 mace
 17412 | D:10     | Identified a +0 mace
 17412 | D:10     | Identified a +0 plate armour
 17422 | D:10     | Identified a +0 chain mail
 17425 | D:10     | Identified a +0 dagger of venom
 17425 | D:10     | Identified a +0 robe
 17600 | D:10     | Identified a +0 giant club
 17620 | D:10     | Identified a +0 whip
 17620 | D:10     | Identified a +0 robe
 17622 | D:10     | Identified a +0 dagger
 17622 | D:10     | Identified a +0 robe
 17630 | D:10     | Identified a +0 hand axe
 17638 | D:10     | Identified a +0 battleaxe
 17638 | D:10     | Identified a +0 plate armour
 17639 | D:10     | Identified a +1 flail of draining
 17639 | D:10     | Identified a +0 robe
 17644 | D:10     | Identified a +5 great sword
 17644 | D:10     | Identified a +0 robe
 17646 | D:10     | Identified a cursed +4 halberd
 17646 | D:10     | Identified a +0 robe
 17665 | D:10     | Identified a +0 mace
 17665 | D:10     | Identified a +0 ring mail
 17681 | D:10     | Reached skill level 5 in Dodging
 17699 | D:10     | Identified a +0 rapier
 17699 | D:10     | Identified a +0 ring mail
 17722 | D:10     | Identified a cursed +3 morningstar
 17722 | D:10     | Identified a cursed +0 robe
 17988 | D:10     | Identified a +0 club
 17988 | D:10     | Identified a cursed +0 ring mail
 17989 | D:10     | Identified a +0 war axe
 17989 | D:10     | Identified a +0 leather armour
 17990 | D:10     | Identified a +0 mace
 17996 | D:10     | Identified a +0 dagger of draining
 17996 | D:10     | Identified a +0 robe
 18001 | D:10     | Identified a +0 hand axe
 18074 | D:10     | Identified a cursed +0 long sword
 18074 | D:10     | Identified a +0 robe
 18153 | D:10     | Identified an amulet of magic regeneration (You found it on
                  | level 10 of the Dungeon)
 18155 | D:10     | Identified an amulet of the gourmand (You found it on level
                  | 10 of the Dungeon)
 18202 | D:11     | Identified a +0 giant club
 18202 | D:11     | Identified a +0 shortbow
 18258 | D:11     | Identified a +1 short sword of draining
 18390 | Orc:1    | Entered Level 1 of the Orcish Mines
 18390 | Orc:1    | Identified a +0 falchion
 18390 | Orc:1    | Identified a +0 chain mail
 18391 | Orc:1    | Identified a +0 dagger
 18392 | Orc:1    | Identified a +0 dire flail
 18392 | Orc:1    | Identified a +0 plate armour
 18392 | Orc:1    | Identified a +0 dire flail
 18392 | Orc:1    | Identified a +0 chain mail
 18393 | Orc:1    | Identified a +0 dagger
 18393 | Orc:1    | Identified a +0 dagger
 18394 | Orc:1    | Identified a +0 hand axe
 18394 | Orc:1    | Identified a +0 short sword
 18409 | Orc:1    | Identified a +0 glaive
 18409 | Orc:1    | Identified a +0 plate armour
 18629 | Orc:2    | Entered Level 2 of the Orcish Mines
 18647 | Orc:1    | Identified a +0 short sword
 18647 | Orc:1    | Identified a cursed +0 leather armour
 18647 | Orc:1    | Identified a +0 battleaxe
 18647 | Orc:1    | Identified a +0 plate armour
 18647 | Orc:1    | Identified a +0 dagger
 18647 | Orc:1    | Identified a +0 robe
 18647 | Orc:1    | Identified a +0 dagger
 18647 | Orc:1    | Identified a +0 glaive
 18647 | Orc:1    | Identified a cursed +0 plate armour
 18648 | Orc:1    | Identified a +0 hand axe
 18648 | Orc:1    | Identified a cursed -2 hand axe
 18648 | Orc:1    | Identified a cursed +0 leather armour
 18648 | Orc:1    | Identified a +0 hand axe
 18648 | Orc:1    | Identified a +0 ring mail
 18648 | Orc:1    | Identified a +0 mace
 18649 | Orc:1    | Identified a +0 dagger
 18649 | Orc:1    | Identified a +0 dagger
 18649 | Orc:1    | Identified a +0 robe
 18649 | Orc:1    | Identified a +0 chain mail
 18652 | Orc:1    | Identified a +3 mace
 18652 | Orc:1    | Identified a +0 chain mail
 18693 | Orc:1    | Identified a +0 club
 18693 | Orc:1    | Identified a +0 scale mail
 18701 | Orc:1    | Identified a +0 flail
 18701 | Orc:1    | Identified a +0 leather armour
 18701 | Orc:1    | Identified a +0 ring mail
 18702 | Orc:1    | Identified a +0 battleaxe
 18702 | Orc:1    | Identified a +0 chain mail
 18706 | Orc:1    | Identified a +2 mace of protection
 18706 | Orc:1    | Identified a +0 ring mail
 18787 | Orc:1    | Identified a +0 dagger
 18787 | Orc:1    | Identified a +0 robe of cold resistance
 18797 | Orc:1    | Identified a +0 giant spiked club
 18832 | Orc:1    | Found a radiant altar of Vehumet.
 18864 | Orc:1    | Identified a cursed -3 hand axe
 18864 | Orc:1    | Identified a +0 plate armour
 18867 | Orc:1    | Identified a +0 flail
 18867 | Orc:1    | Identified a +0 leather armour
 18890 | Orc:1    | Identified a +0 dagger
 18890 | Orc:1    | Identified a +0 robe of resistance
 18892 | Orc:1    | Identified a +0 hand axe
 18892 | Orc:1    | Identified a +0 chain mail
 18894 | Orc:1    | Identified a +0 flail
 18894 | Orc:1    | Identified a +0 war axe
 18894 | Orc:1    | Identified a +0 hand axe
 18894 | Orc:1    | Identified a +0 plate armour
 18894 | Orc:1    | Identified a +0 dagger
 18894 | Orc:1    | Identified a +0 robe
 18894 | Orc:1    | Identified a +0 battleaxe
 18894 | Orc:1    | Identified a +0 chain mail
 18894 | Orc:1    | Identified a +0 short sword
 18894 | Orc:1    | Identified a +0 leather armour
 18894 | Orc:1    | Identified a +0 mace
 18894 | Orc:1    | Identified a +0 chain mail
 18896 | Orc:1    | Identified a +1 glaive of flaming
 18896 | Orc:1    | Identified a +0 chain mail
 18896 | Orc:1    | Noticed an orc warlord
 18897 | Orc:1    | Identified a +0 long sword
 18897 | Orc:1    | Identified a +0 chain mail
 18898 | Orc:1    | Identified a +0 dagger
 18898 | Orc:1    | Identified a +0 robe
 18908 | Orc:1    | Identified a +0 dire flail
 18908 | Orc:1    | Identified a +0 chain mail
 18909 | Orc:1    | Identified a +0 dagger
 18909 | Orc:1    | Identified a +0 robe
 18909 | Orc:1    | Identified a +0 dagger
 18909 | Orc:1    | Identified a +0 robe
 18912 | Orc:1    | Identified a cursed -2 dagger
 18918 | Orc:1    | Identified a +0 dire flail
 18918 | Orc:1    | Identified a +0 plate armour
 18922 | Orc:1    | Reached skill level 4 in Evocations
 18922 | Orc:1    | Identified a +4 dagger
 18961 | Orc:1    | Killed an orc warlord
 19052 | Orc:1    | Found a runed translucent gate.
 19052 | Orc:1    | Found a runed translucent gate.
 19052 | Orc:1    | Found a runed translucent gate.
 19053 | Orc:1    | Identified a +0 long sword
 19053 | Orc:1    | Identified a +0 chain mail
 19053 | Orc:1    | Identified a +0 halberd
 19053 | Orc:1    | Identified a +0 plate armour
 19054 | Orc:1    | Noticed Quilogy's ghost (journeyman HOFi)
 19056 | Orc:1    | Identified a +0 trident
 19056 | Orc:1    | Identified a +3 chain mail
 19056 | Orc:1    | Identified a +0 mace
 19056 | Orc:1    | Identified a cursed +0 chain mail
 19056 | Orc:1    | Identified a +0 long sword
 19056 | Orc:1    | Identified a +0 chain mail
 19098 | Orc:1    | Identified a +0 hand axe of chopping
 19230 | Orc:1    | Identified a +0 troll leather armour
 19260 | Orc:1    | Killed Quilogy's ghost
 19334 | Orc:2    | Identified a +0 leather armour
 19337 | Orc:2    | Identified a +0 whip
 19337 | Orc:2    | Identified a +0 scale mail
 19338 | Orc:2    | Identified a +0 hand axe
 19338 | Orc:2    | Identified a +0 leather armour
 19379 | Orc:2    | Identified a +0 flail
 19379 | Orc:2    | Identified a +0 plate armour
 19380 | Orc:2    | Identified a +0 club
 19432 | Orc:2    | Identified a +0 short sword
 19432 | Orc:2    | Identified a +0 chain mail
 19432 | Orc:2    | Identified a +0 whip
 19432 | Orc:2    | Identified a +0 dagger
 19432 | Orc:2    | Identified a +0 leather armour
 19432 | Orc:2    | Identified a +0 flail
 19432 | Orc:2    | Identified a +0 leather armour
 19433 | Orc:2    | Identified a +0 whip
 19498 | Orc:2    | Identified a +0 giant spiked club
 19506 | Orc:2    | Found a staircase to the Elven Halls.
 19528 | Orc:2    | Identified a +0 club
 19528 | Orc:2    | Identified a cursed +0 ring mail
 19528 | Orc:2    | Identified a +0 trident
 19528 | Orc:2    | Identified a +0 plate armour
 19528 | Orc:2    | Identified a +0 mace
 19528 | Orc:2    | Identified a +0 scale mail
 19529 | Orc:2    | Identified a +2 dagger of freezing
 19535 | Orc:2    | Identified a +0 dagger
 19535 | Orc:2    | Identified a +0 robe
 19537 | Orc:2    | Identified a +0 short sword
 19537 | Orc:2    | Identified a +0 chain mail
 19537 | Orc:2    | Identified a +0 dagger
 19537 | Orc:2    | Identified a cursed -2 robe
 19548 | Orc:2    | Reached skill level 6 in Dodging
 19588 | Orc:2    | Identified a +0 morningstar
 19588 | Orc:2    | Identified a +0 leather armour
 19589 | Orc:2    | Identified a +0 chain mail
 19589 | Orc:2    | Identified a cursed +0 club
 19589 | Orc:2    | Identified a +0 leather armour
 19590 | Orc:2    | Identified a +0 mace
 19590 | Orc:2    | Identified a +0 chain mail
 19591 | Orc:2    | Identified a +3 battleaxe
 19591 | Orc:2    | Identified a +0 arbalest
 19591 | Orc:2    | Identified a +0 chain mail
 19594 | Orc:2    | Identified a +0 mace
 19595 | Orc:2    | Identified a +0 club
 19597 | Orc:2    | Identified a +0 mace
 19597 | Orc:2    | Identified a +0 plate armour
 19601 | Orc:2    | Identified a +0 short sword
 19602 | Orc:2    | Found Behav's Distillery.
 19602 | Orc:2    | Identified a +0 war axe
 19602 | Orc:2    | Identified a +0 plate armour
 19602 | Orc:2    | Identified a cursed -3 short sword
 19602 | Orc:2    | Identified a +0 plate armour
 19602 | Orc:2    | Identified a +0 flail
 19603 | Orc:2    | Identified a +2 mace of holy wrath
 19603 | Orc:2    | Identified a +0 club
 19606 | Orc:2    | Identified a +0 short sword
 19610 | Orc:2    | Identified a +0 trident
 19617 | Orc:2    | Identified a +0 hand axe
 19620 | Orc:2    | Found Xihax's Food Boutique.
 19620 | Orc:2    | Identified a +0 war axe
 19620 | Orc:2    | Identified a +0 ring mail
 19622 | Orc:2    | Identified a +0 flail
 19622 | Orc:2    | Identified a +0 leather armour
 19622 | Orc:2    | Identified a +0 dagger
 19622 | Orc:2    | Identified a +0 trident
 19637 | Orc:2    | Identified a +0 battleaxe
 19637 | Orc:2    | Identified a +0 chain mail
 19641 | Orc:2    | Identified a +0 dagger
 19655 | Orc:2    | Identified a +0 mace
 19655 | Orc:2    | Identified a +0 chain mail
 19657 | Orc:2    | Identified a +0 trident
 19682 | Orc:2    | Bought a potion of might for 40 gold pieces
 19682 | Orc:2    | Bought a potion of resistance for 100 gold pieces
 19707 | Orc:2    | Identified a +0 battleaxe
 19707 | Orc:2    | Identified a +0 plate armour
 19707 | Orc:2    | Identified a +0 hand axe
 19707 | Orc:2    | Identified a +3 leather armour of positive energy
 19708 | Orc:2    | Identified a +0 leather armour
 19712 | Orc:2    | Identified a +0 flail
 19712 | Orc:2    | Identified a +0 leather armour
 19715 | Orc:2    | Identified a +0 giant club
 19718 | Orc:2    | Identified a +0 flail
 19718 | Orc:2    | Identified a +0 leather armour
 19718 | Orc:2    | Identified a +0 trident
 19720 | Orc:2    | Identified a +0 halberd
 19720 | Orc:2    | Identified a +0 chain mail
 19726 | Orc:2    | Identified a +0 short sword
 19726 | Orc:2    | Identified a cursed +0 leather armour
 19727 | Orc:2    | Identified a +1 dagger of draining
 19727 | Orc:2    | Identified a +0 robe
 19727 | Orc:2    | Noticed Josephine
 19727 | Orc:2    | Identified a +0 dagger
 19727 | Orc:2    | Identified a +0 robe
 19727 | Orc:2    | Identified a +0 club
 19728 | Orc:2    | Identified a +1 flail of holy wrath
 19728 | Orc:2    | Identified a +0 leather armour
 19738 | Orc:2    | Killed Josephine
 20031 | Orc:2    | Identified a +0 flail
 20032 | Orc:2    | Identified a +0 trident
 20032 | Orc:2    | Identified a cursed +0 plate armour
 20034 | Orc:2    | Identified a +0 war axe of chopping
 20034 | Orc:2    | Identified a +0 chain mail
 20076 | Orc:2    | Identified a +0 falchion
 20090 | Orc:2    | Identified a +0 battleaxe
 20091 | Orc:2    | Identified a +0 halberd
 20091 | Orc:2    | Identified a +0 glaive
 20091 | Orc:2    | Identified a +0 plate armour
 20108 | Orc:2    | Identified a +0 battleaxe
 20108 | Orc:2    | Identified a +0 chain mail
 20108 | Orc:2    | Identified a +0 battleaxe
 20108 | Orc:2    | Identified a +0 chain mail
 20108 | Orc:2    | Identified a +0 dagger
 20108 | Orc:2    | Identified a +1 robe of fire resistance
 20108 | Orc:2    | Identified a +0 hand axe
 20112 | Orc:2    | Identified a +0 short sword
 20112 | Orc:2    | Identified a +0 ring mail
 20115 | Orc:2    | Reached skill level 15 in Axes
 20118 | Orc:2    | Identified a +0 glaive
 20118 | Orc:2    | Identified a +0 chain mail
 20152 | Orc:2    | Identified a +0 scimitar
 20152 | Orc:2    | Identified a +0 chain mail
 20159 | Orc:2    | Identified a +0 dagger
 20159 | Orc:2    | Identified a +0 robe
 20163 | Orc:2    | Identified a +0 whip
 20168 | Orc:2    | Reached skill level 5 in Evocations
 20178 | Orc:2    | Identified a +0 dagger
 20178 | Orc:2    | Identified a +0 robe of magic resistance
 20186 | Orc:2    | Identified a +0 glaive
 20186 | Orc:2    | Identified a +0 plate armour
 20232 | Orc:2    | Identified a +0 demon trident of venom
 20232 | Orc:2    | Identified a +0 ring mail
 20287 | Orc:2    | Identified a +0 dagger
 20287 | Orc:2    | Identified a +0 robe
 20289 | Orc:2    | Identified a +3 dagger
 20289 | Orc:2    | Identified a +0 robe
 20290 | Orc:2    | Identified a +0 short sword
 20291 | Orc:2    | Identified a +0 trident
 20291 | Orc:2    | Identified a +0 ring mail
 20293 | Orc:2    | Identified a +0 dagger
 20293 | Orc:2    | Identified a +0 robe
 20303 | Orc:2    | Identified a +0 dagger of venom
 20303 | Orc:2    | Identified a +2 robe of fire resistance
 20305 | Orc:2    | Reached skill level 7 in Dodging
 20315 | Orc:2    | Identified a +0 demon blade of flaming
 20315 | Orc:2    | Identified a +0 scale mail
 20350 | Orc:2    | Found Byseled's Antique Armour Shoppe.
 20350 | Orc:2    | Found Cuschecve's Book Emporium.
 20351 | Orc:2    | Found a one-way gate leading to the halls of Pandemonium.
 20455 | Orc:2    | Identified a +0 giant club
 20660 | Orc:2    | Bought a runed scarf for 144 gold pieces
 20660 | Orc:2    | Bought a pair of runed boots for 135 gold pieces
 20665 | Orc:2    | Identified a scarf of cloud immunity (You bought it in a
                  | shop on level 2 of the Orcish Mines)
 20675 | Orc:2    | Identified a +0 pair of boots of running (You bought it in
                  | a shop on level 2 of the Orcish Mines)
 20816 | D:11     | Reached XP level 15. HP: 131/138 MP: 24/24
 20882 | D:11     | Identified a +0 halberd
 20882 | D:11     | Identified a +0 chain mail
 20883 | D:11     | Identified a +0 whip
 20884 | D:11     | Identified a +0 dagger
 20884 | D:11     | Identified a +0 robe
 20946 | D:11     | Identified a +0 giant club
 21127 | D:11     | Identified a +0 flail
 21127 | D:11     | Identified a +0 chain mail
 21360 | D:12     | Identified a +0 club
 21360 | D:12     | Identified a +0 leather armour
 21505 | D:12     | Got a pair of jewelled boots
 21516 | D:12     | Identified the +0 pair of boots "Geuciurph" {rN+ rCorr}
                  | (You found it on level 12 of the Dungeon)
 21567 | D:12     | Found a shattered altar of Ashenzari.
 21718 | D:12     | Reached skill level 10 in Fighting
 21962 | D:13     | Reached skill level 16 in Invocations
 22017 | D:13     | Identified a +0 shortbow
 22021 | D:13     | Identified the +1 morningstar "Fipetz" {antimagic, Fragile
                  | rPois rF+++ Dex-2}
 22021 | D:13     | Identified a +0 robe
 22022 | D:13     | Identified a +1 shortbow of velocity
 22250 | D:13     | Found a stormy altar of Qazlal.
 22348 | D:13     | Identified a +2 short sword of venom
 22395 | D:13     | Reached skill level 6 in Evocations
 22434 | D:13     | Got a bloodstained plate armour
 22445 | D:13     | Identified the +4 plate armour of Yfanlasa {rF- rC++ Int+7}
                  | (You found it on level 13 of the Dungeon)
 22463 | D:13     | Identified a potion of berserk rage
 22581 | D:13     | Identified an uncursed ring of protection from fire
 22636 | D:13     | Identified a +0 great sword
 22636 | D:13     | Identified a +0 leather armour
 22659 | D:13     | Identified a potion of agility
 22708 | D:13     | Reached skill level 8 in Dodging
 23031 | D:13     | Got a dazzling ring mail
 23032 | D:13     | Identified the +4 ring mail of Otzaenoo {+Fly rPois rCorr
                  | Str-2} (You found it on level 13 of the Dungeon)
 23052 | D:14     | Identified a +0 giant club
 23052 | D:14     | Identified a +0 giant club
 23150 | D:14     | Identified a +0 dagger
 23150 | D:14     | Identified a +0 robe
 23201 | D:14     | Identified a +0 shortbow
 23201 | D:14     | Identified a +0 shortbow
 23201 | D:14     | Identified a +0 shortbow
 23201 | D:14     | Identified a +0 shortbow
 23232 | D:14     | Found a gate to the Vaults.
 23232 | D:14     | Identified a +0 dagger
 23232 | D:14     | Identified a cursed +0 robe
 23707 | D:14     | Identified a +0 shortbow
 23712 | D:14     | Identified a +0 flail
 23749 | D:14     | Identified a +2 robe of resistance
 23749 | D:14     | Noticed Jorgrun
 23759 | D:14     | Killed Jorgrun
 23759 | D:14     | Reached skill level 12 in Armour
 23802 | D:14     | Got a bound ivory ring
 23823 | D:14     | Identified a +0 dagger
 23823 | D:14     | Identified a +0 robe
 23904 | D:14     | Identified a +1 lajatang of speed
 23904 | D:14     | Identified a +0 robe
 23904 | D:14     | Noticed Agnes
 23920 | D:14     | HP: 26/138 [shot self (10)]
 23927 | D:14     | HP: 7/138 [Agnes/+1 lajatang of speed (20)]
 23931 | D:14     | Slain by Agnes

Table legend:
 A = Turns spent in this place as a percentage of turns spent in the entire game.
 B = Non-inter-level travel turns spent in this place as a percentage of non-inter-level travel turns spent in the entire game.
 C = Inter-level travel turns spent in this place as a percentage of turns spent in this place.
 D = Turns resting spent in this place as a percentage of non-inter-level travel turns spent in this place.
 E = Turns spent auto-exploring this place as a percentage of non-inter-level travel turns spent in this place.
 F = Non-inter-level travel turns spent in this place divided by the number of levels of this place that you've seen.
                   A       B       C       D       E      F
               +-------+-------+-------+-------+-------+----------------------
         Total | 100.0 | 100.0 |   8.2 |   4.4 |  62.5 | 955.1
       Dungeon |  56.9 |  55.7 |  10.1 |   4.8 |  63.2 | 874.1
        Temple |   0.1 |   0.2 |   0.0 |   0.0 |   0.0 |  35.0
          Lair |  33.2 |  34.2 |   5.4 |   4.6 |  61.3 | 1252.2
  Orcish Mines |   9.8 |   9.9 |   6.8 |   1.2 |  63.7 | 1090.5
               +-------+-------+-------+-------+-------+----------------------

Table legend:
 A = Kills in this place as a percentage of kills in entire the game.
 B = Kills by you in this place as a percentage of kills by you in the entire game.
 C = Kills by friends in this place as a percentage of kills by friends in the entire game.
 D = Other kills in this place as a percentage of other kills in the entire game.
 E = Experience gained in this place as a percentage of experience gained in the entire game.
 F = Experience gained in this place divided by the number of levels of this place that you have seen.
                   A       B       C       D       E      F
               +-------+-------+-------+-------+-------+----------------------
         Total | 100.0 | 100.0 | 100.0 | 100.0 | 100.0 | 5532.3
       Dungeon |  54.1 |  54.5 |  20.0 |  25.0 |  38.5 | 3502.0
          Lair |  25.0 |  24.8 |  80.0 |   0.0 |  40.8 | 8661.5
  Orcish Mines |  20.9 |  20.7 |   0.0 |  75.0 |  20.6 | 13123.5
               +-------+-------+-------+-------+-------+----------------------

Skill      XL: |  1  2  3  4  5  6  7  8  9 10 11 12 13 14 15 |
---------------+----------------------------------------------+-----
Fighting       | 3 4 6 7 8 9 10 | 10.2
Axes           | 3 4 5 6 9 10 11 12 13 14 15 | 15.6
Armour         | 4 5 7 8 9 10 11 12 | 12.0
Shields        | 4 5 7 8 9 10 11 | 11.9
Invocations    | 1 3 9 10 11 13 14 15 16 | 16.2
Dodging        | 4 7 8 |  8.4
Evocations     | 2 5 6 |  6.6

Action                   |  1- 3 |  4- 6 |  7- 9 | 10-12 | 13-15 || total
-------------------------+-------+-------+-------+-------+-------++-------
Melee: War axe           |    73 |   242 |   185 |   290 |   812 ||  1602
       Kick              |       |       |    40 |   357 |   245 ||   642
       Mace              |       |       |       |   476 |   798 ||  1274
       Flail             |       |       |       |       |    42 ||    42
Throw: Dart              |     5 |    47 |     7 |    79 |    18 ||   156
       Javelin           |       |       |       |     5 |    55 ||    60
       Boomerang         |       |       |       |       |    19 ||    19
Invok: Minor Destruction |       |       |       |     1 |       ||     1
       Lesser Servant of |       |       |       |       |     3 ||     3
       Major Destruction |       |       |       |       |     1 ||     1
 Abil: Heal Wounds       |       |     4 |     6 |     1 |     3 ||    14
       Blink             |       |       |       |       |     2 ||     2
Evoke: Wand              |       |       |       |     5 |     7 ||    12
       Box of beasts     |       |       |       |       |     1 ||     1
  Use: Scroll            |     1 |     2 |    12 |    10 |    20 ||    45
       Potion            |       |     1 |     4 |     1 |     3 ||     9
 Stab: Invisible         |       |     5 |       |       |       ||     5
       Sleeping          |       |       |     6 |     2 |       ||     8
       Petrified         |       |       |       |       |     3 ||     3
       Distracted        |       |       |       |       |     3 ||     3
       Confused          |       |       |       |       |     1 ||     1
  Eat: Chunk             |       |     7 |     5 |    16 |    21 ||    49
       Ration            |       |     1 |     1 |     2 |     4 ||     8
Armor: Scale mail        |    28 |   120 |     9 |     4 |       ||   161
       Leather armour    |       |       |    36 |    29 |       ||    65
       Chain mail        |       |       |       |   234 |   384 ||   618
Dodge: Dodged            |    18 |    59 |    44 |   142 |   337 ||   600
Block: Shield            |    37 |   172 |    88 |   398 |  1093 ||  1788
       Reflection        |       |       |       |       |    24 ||    24

Vanquished Creatures
  An orc warlord (Orc:1)
  A fire dragon (Lair:6)
  Josephine (Orc:2)
  A great orb of eyes (D:13)
  12 hydras
  A catoblepas (Lair:6)
  The ghost of Quilogy the Cleaver, a journeyman HOFi of Beogh (Orc:1)
  3 centaur warriors
  A two-headed ogre (D:14)
  A tengu warrior (D:13)
  4 orc high priests (Orc:2)
  2 ogre magi
  3 gelid demonspawn (Orc:2)
  A wizard (D:14)
  A swamp dragon (Lair:6)
  2 necromancers
  A lindwurm (Lair:6)
  4 orc knights (Orc:2)
  A deep elf mage (D:10)
  A manticore (D:13)
  10 orc sorcerers
  2 wolf spiders
  5 ugly things
  2 cyclopes
  A guardian serpent (Lair:3)
  A centaur zombie (D:11)
  A black mamba (Lair:2)
  10 spiny frogs
  A spiny frog (shapeshifter) (D:13)
  4 centaur skeletons
  14 elephants
  A smoke demon (Orc:2)
  5 torpor snails (Lair:6)
  2 rime drakes (Lair:6)
  A hellwing (Orc:2)
  A freezing wraith (D:14)
  2 komodo dragons
  A tengu conjurer (D:13)
  2 trolls
  2 polar bears
  4 tyrant leeches (Lair:6)
  8 slime creatures (D:13)
  A bog body (Lair:4)
  13 hornets
  11 hippogriffs
  5 blink frogs (Lair:2)
  Prince Ribbit (D:8)
  A spriggan (D:9)
  A ynoxinul (Orc:2)
  5 wraiths
  5 wyverns
  60 yaks
  7 basilisks
  Eustachio (D:5)
  6 steam dragons
  4 wargs
  4 swamp worms (Lair:4)
  17 water moccasins
  2 acid dragons
  9 porcupines
  A swamp drake (Lair:6)
  42 orc warriors
  A necrophage (D:8)
  2 eyes of draining (D:8)
  4 phantoms
  7 sky beasts
  11 ogres
  3 elephant zombies (Lair:5)
  2 black bears
  6 wolves
  8 centaurs
  15 crocodiles
  3 big kobolds
  15 bullfrogs
  Blork the orc (D:4)
  A water moccasin zombie (D:12)
  A wyvern skeleton (D:13)
  6 scorpions
  A water moccasin skeleton (D:7)
  10 killer bees
  6 wights
  4 howler monkeys
  4 electric eels
  9 crimson imps
  3 bullfrog zombies
  3 basilisk zombies (Lair:5)
  A quasit (D:13)
  8 hounds
  5 jellies
  24 orc priests
  20 orc wizards
  3 bullfrog skeletons
  9 iguanas
  Jessica (D:2)
  Terence (D:3)
  10 worker ants
  Natasha (thrice) (D:2)
  A killer bee zombie (D:7)
  A hound skeleton (D:5)
  A howler monkey skeleton (D:2)
  3 worker ant zombies
  7 gnolls
  17 adders
  3 shadow imps
  An adder zombie (D:7)
  2 oozes
  An adder skeleton (D:9)
  5 worms
  A dart slug (D:3)
  6 leopard geckos
  90 orcs
  11 bats
  7 giant cockroaches
  8 hobgoblins
  6 jackals
  6 quokkas
  4 frilled lizards
  5 goblins
  A jackal zombie (D:6)
  17 kobolds
  A quokka skeleton (D:7)
  12 rats
  A fungus (Lair:6)
748 creatures vanquished.

Vanquished Creatures (collateral kills)
  Jorgrun (D:14)
  A dire elephant (Lair:4)
  A yak (Lair:4)
  2 wolves (Lair:4)
5 creatures vanquished.

Vanquished Creatures (others)
  A centaur (D:13)
  3 orcs
  7 fungi
  30 plants
41 creatures vanquished.

Grand Total: 794 creatures vanquished
